 Dungeon Crawl Stone Soup version 0.29.0-4-gdea44cf6ec (webtiles) character file.

Game seed: 2792431865965792264

1564 qw the Grappler (level 8, -10/78 HPs)
             Began as a Troll Cinder Acolyte on Sept 1, 2022.
             Was an Elder of Ignis.
             Engulfed by an ice statue's freezing vapour (19 damage)
             ... on level 7 of the Dungeon.
             The game lasted 00:02:42 (6060 turns).

qw the Grappler (Troll Cinder Acolyte)              Turns: 6060, Time: 00:02:42

Health: -10/78     AC: 17    Str: 25    XL:     8   Next: 58%
Magic:  8/8        EV:  9    Int: 10    God:    Ignis [****..]
Gold:   462        SH:  0    Dex:  5    Spells: 9/9 levels left

rFire   + . .      SeeInvis .     - Unarmed
rCold   . . .      Faith    .   (no shield)
rNeg    . . .      Spirit   .   a - +0 robe
rPois   +          Reflect  .   (helmet restricted)
rElec   .          Harm     .   b - +1 cloak
rCorr   .          Rampage  .   (gloves unavailable)
Will    .....                   (boots unavailable)
Stlth   +.........              (no amulet)
HPRegen 1.03/turn               o - ring of poison resistance
MPRegen 0.11/turn               f - +4 ring of protection

@: about to teleport, fiery-armoured
A: large, unfitting armour, claws 3, regeneration 1, shaggy fur 1, tough skin 1
a: Renounce Religion, Fiery Armour, Foxfire Swarm, Rising Flame


You were on level 7 of the Dungeon.
You worshipped Ignis.
Ignis was greatly pleased with you.
You visited 1 branch of the dungeon, and saw 7 of its levels.

You collected 462 gold pieces.


Innate Abilities, Weirdness & Mutations

You are too large for most types of armour.
You have claws for hands.
Your natural rate of healing is unusually fast.
You are covered in fur. (AC +1)
You have tough skin. (AC +1)


   Skills:
 - Level 4.0 Fighting
 - Level 1.9 Throwing
 - Level 1.2 Dodging
 + Level 10.1 Unarmed Combat
 - Level 1.0 Spellcasting
 - Level 2.1 Fire Magic


You had 9 spell levels left.
You didn't know any spells.
Your spell library contained the following spells:

 Spells                   Type           Power      Damage    Failure   Level
 Scorch                   Fire           8%         2d5       22%         2

Inventory:

Missiles
 k - 7 boomerangs (quivered)
Armour
 a - a +0 robe (worn)
 b - a +1 cloak (worn)
Jewellery
 f - a +4 ring of protection (right claw)
 g - a ring of ice
 i - a ring of poison resistance
 m - the ring of Xom's Attic {rCorr Str+4 Int+3}
   (You found it on level 4 of the Dungeon)

   [ring of resist corrosion]

   Str:       It affects your strength (+4).
   Int:       It affects your intelligence (+3).
   rCorr:     It protects you from acid and corrosion.
 o - a ring of poison resistance (left claw)
Scrolls
 c - a scroll of teleportation
 d - a scroll of identify
 r - a scroll of enchant weapon
Potions
 e - 2 potions of curing
 h - a potion of cancellation {unknown}
 j - 2 potions of attraction {unknown}
 p - a potion of flight {unknown}

Dungeon Overview and Level Annotations

Branches:
Dungeon (7/15)             Temple (0/1) D:4

Altars:
Fedhas
Qazlal
Sif Muna
Wu Jian

Annotations:
D:4 3 runed translucent doors, qw's ghost, amateur TrCA
D:5 1 runed translucent door, Crazy Yiuf


Message History

The wight hits you from afar with a +3 trident.
You feel drained. The wight closely misses you.
Items here: )) [[.
You closely miss the wight. The wight hits you with a +3 trident.
You feel drained.
You scratch the wight.
The wight is moderately damaged.
The wight closely misses you.
You mangle the wight!!
You destroy the wight!
Your life force feels restored.
Your Fighting skill increases to level 4!
You start resting.
HP restored.
Things that are here:
a +3 trident; a +0 robe You now have 462 gold pieces (gained 15).
Found 8 stones.
You see here 8 stones.
Things that are here:
a +3 trident; a +0 robe
There is a fountain of sparkling water here.
You see here a +0 spear.
The ice statue gestures at you. The freezing blast engulfs you!!
6058 ||| INVOKING Fiery Armour.
A protective cloak of flame settles atop you.
You are engulfed in freezing vapours.
You're standing in a cloud of freezing vapour!
6059 ||| READING scroll labelled CIENNI BAKHLEFI.
As you read the scroll labelled CIENNI BAKHLEFI, it crumbles to dust.
You hear a loud clanging noise!
It was a scroll of noise.
You are engulfed in freezing vapours.
6060 ||| READING 2 scrolls of teleportation.
As you read the scroll of teleportation, it crumbles to dust.
You feel strangely unstable.
You are engulfed in freezing vapours.
You die...

..............#####
######..##........#
#######..###......#
#.....##..##......#
......###.##....^.#
#.....# #>......[.#
......# ####..#####
#.....#
##.##########
#######
#.}0@00.~~~.
#.0000..~~~.
#....00.~8~.
##......~~~.
#}.....~~~.
###########


You could see an ice statue.

Vanquished Creatures
  Menkaure (D:7)
  A water moccasin (D:6)
  2 ice beasts (D:7)
  A black bear (D:5)
  A bullfrog (D:6)
  2 scorpions
  3 wights (D:7)
  2 jellies
  4 hounds
  7 orc priests
  3 orc wizards
  3 iguanas
  7 adders
  2 shadow imps
  2 ufetubi
  3 worms
  5 dart slugs
  20 orcs
  2 endoplasms (D:2)
  2 giant cockroaches
  8 goblins
  3 hobgoblins
  6 jackals
  7 kobolds
  8 quokkas
  7 ball pythons
  4 bats
  2 frilled lizards
  3 rats
121 creatures vanquished.

Notes
Turn   | Place    | Note
-------+----------+-------------------------------------------
     0 | D:1      | qw the Troll Cinder Acolyte began the quest for the Orb.
     0 | D:1      | Reached XP level 1. HP: 22/22 MP: 1/1
     0 | D:1      | 0 ||| qw: Version: 0.1-a-97-g2dd2ca4
     0 | D:1      | 0 ||| qw: Game counter: 4763
     0 | D:1      | 0 ||| qw: Always use a shield: true
     0 | D:1      | 0 ||| qw: God list: Okawaru
     0 | D:1      | 0 ||| qw: Allow faded altars: false
     0 | D:1      | 0 ||| qw: Do Orc after D:15 true
     0 | D:1      | 0 ||| qw: Do second Lair branch before Depths: true
     0 | D:1      | 0 ||| qw: Lair rune preference: random
     0 | D:1      | 0 ||| qw: Plans: Normal
     0 | D:1      | 0 ||| PLANNING D:1-11
    12 | D:1      | 12 ||| Stepping ~*~*~tactically~*~*~ (hiding).
   138 | D:1      | 138 ||| Stepping ~*~*~tactically~*~*~ (hiding).
   403 | D:1      | Reached XP level 2. HP: 29/29 MP: 2/2
   432 | D:1      | Found a faded altar of an unknown god.
   563 | D:1      | 563 ||| READING scroll labelled OMINOA OBILL.
   566 | D:1      | 566 ||| READING scroll labelled YREILO RICO.
   567 | D:1      | 567 ||| READING scroll labelled ZOVUDAOPAILE.
   568 | D:1      | 568 ||| READING scroll labelled SEOJEQ ESIDI.
   569 | D:1      | 569 ||| READING scroll labelled ATZAVEGILI.
   699 | D:2      | 699 ||| Stepping ~*~*~tactically~*~*~ (stealth).
   742 | D:2      | Reached skill level 4 in Unarmed Combat
   815 | D:2      | 815 ||| Stepping ~*~*~tactically~*~*~ (stealth).
   816 | D:2      | 816 ||| Stepping ~*~*~tactically~*~*~ (stealth).
   825 | D:2      | Reached XP level 3. HP: 33/36 MP: 3/3
   831 | D:2      | 831 ||| Stepping ~*~*~tactically~*~*~ (stealth).
  1020 | D:2      | 1020 ||| Stepping ~*~*~tactically~*~*~ (stealth).
  1030 | D:2      | 1030 ||| Stepping ~*~*~tactically~*~*~ (stealth).
  1132 | D:2      | Reached XP level 4. HP: 43/44 MP: 4/4
  1137 | D:2      | Reached skill level 5 in Unarmed Combat
  1384 | D:2      | 1384 ||| DROPPING scarf of invisibility.
  1385 | D:2      | 1385 ||| UPGRADING to ring of resist corrosion.
  1386 | D:2      | 1386 ||| DRINKING 2 sedimented sapphire potions.
  1634 | D:3      | Found a blossoming altar of Fedhas.
  2106 | D:3      | 2106 ||| Stepping ~*~*~tactically~*~*~ (hiding).
  2115 | D:3      | 2115 ||| DRINKING 3 potions of curing.
  2115 | D:3      | 2115 ||| (to cure confusion)
  2325 | D:3      | Found an ornate altar of the Wu Jian Council.
  2406 | D:3      | 2406 ||| READING scroll labelled MEHOWN HAQOENO.
  2407 | D:3      | 2407 ||| READING 2 scrolls of identify.
  2407 | D:3      | 2407 ||| IDENTIFYING murky dark potion
  2408 | D:3      | 2408 ||| DROPPING potion of degeneration.
  2467 | D:4      | Reached XP level 5. HP: 49/50 MP: 5/5
  2471 | D:4      | Reached skill level 6 in Unarmed Combat
  2504 | D:4      | 2504 ||| DRINKING 2 potions of curing.
  2504 | D:4      | 2504 ||| (to cure confusion)
  2505 | D:4      | 2505 ||| INVOKING Fiery Armour.
  2526 | D:4      | 2526 ||| Stepping ~*~*~tactically~*~*~ (hiding).
  2528 | D:4      | 2528 ||| Stepping ~*~*~tactically~*~*~ (hiding).
  2532 | D:4      | 2532 ||| Stepping ~*~*~tactically~*~*~ (hiding).
  2611 | D:4      | 2611 ||| Stepping ~*~*~tactically~*~*~ (stealth).
  2618 | D:4      | 2618 ||| Stepping ~*~*~tactically~*~*~ (stealth).
  2618 | D:4      | Found a staircase to the Ecumenical Temple.
  2619 | D:4      | 2619 ||| Stepping ~*~*~tactically~*~*~ (stealth).
  2621 | D:4      | 2621 ||| Stepping ~*~*~tactically~*~*~ (stealth).
  2628 | D:4      | Reached XP level 6. HP: 59/59 MP: 6/6
  2647 | D:4      | Reached skill level 7 in Unarmed Combat
  2647 | D:4      | Identified the ring of Xom's Attic {rCorr Str+4 Int+3}
  2749 | D:4      | 2749 ||| FLEEEEING.
  2800 | D:4      | Found a runed translucent gate.
  2801 | D:4      | Found a runed translucent gate.
  2801 | D:4      | Found a runed translucent gate.
  2804 | D:4      | Noticed qw's ghost (amateur TrCA)
  2804 | D:4      | Noticed qw's ghost (amateur TrCA)
  2858 | D:4      | 2858 ||| Stepping ~*~*~tactically~*~*~ (stealth).
  2904 | D:4      | 2904 ||| Stepping ~*~*~tactically~*~*~ (hiding).
  3086 | D:4      | 3086 ||| Stepping ~*~*~tactically~*~*~ (stealth).
  3100 | D:4      | 3100 ||| Stepping ~*~*~tactically~*~*~ (stealth).
  3210 | D:4      | 3210 ||| INVOKING Fiery Armour.
  3383 | D:4      | Found a stormy altar of Qazlal.
  3694 | D:4      | 3694 ||| UPGRADING to ring of Xom's Attic {rCorr Str+4
                  | Int+3}.
  3695 | D:4      | 3695 ||| REMOVING ring of resist corrosion.
  3696 | D:4      | 3696 ||| DROPPING ring of resist corrosion.
  3697 | D:4      | 3697 ||| READING scroll labelled POPSORODES.
  3725 | D:4      | 3725 ||| READING scroll labelled HEXURY RAKLO.
  3726 | D:4      | 3726 ||| READING 2 scrolls of identify.
  3726 | D:4      | 3726 ||| IDENTIFYING bubbling brown potion
  3727 | D:4      | 3727 ||| DROPPING potion of lignification.
  3752 | D:5      | Entered Level 5 of the Dungeon
  3807 | D:5      | Reached skill level 8 in Unarmed Combat
  3807 | D:5      | Reached XP level 7. HP: 53/66 MP: 7/7
  4131 | D:5      | Reached skill level 3 in Fighting
  4449 | D:5      | Found a runed translucent door.
  4450 | D:5      | Noticed Crazy Yiuf
  4521 | D:5      | 4521 ||| UPGRADING to +0 cloak.
  4775 | D:6      | Reached skill level 9 in Unarmed Combat
  4790 | D:6      | Reached skill level 1 in Throwing
  4847 | D:6      | 4847 ||| Stepping ~*~*~tactically~*~*~ (stealth).
  4849 | D:6      | 4849 ||| Stepping ~*~*~tactically~*~*~ (hiding).
  5021 | D:6      | 5021 ||| Stepping ~*~*~tactically~*~*~ (stealth).
  5041 | D:6      | 5041 ||| Stepping ~*~*~tactically~*~*~ (stealth).
  5055 | D:6      | 5055 ||| Stepping ~*~*~tactically~*~*~ (stealth).
  5056 | D:6      | 5056 ||| Stepping ~*~*~tactically~*~*~ (stealth).
  5062 | D:6      | Reached skill level 1 in Dodging
  5062 | D:6      | Reached XP level 8. HP: 75/75 MP: 8/8
  5365 | D:6      | 5365 ||| DROPPING ring of resist corrosion.
  5366 | D:6      | 5366 ||| UPGRADING to +4 ring of protection.
  5367 | D:6      | 5367 ||| DROPPING ring of wizardry.
  5368 | D:6      | 5368 ||| UPGRADING to ring of poison resistance.
  5370 | D:6      | 5370 ||| UPGRADING to +4 ring of protection.
  5372 | D:6      | 5372 ||| READING scroll labelled HUTUQU BOFA.
  5373 | D:6      | 5373 ||| READING scroll labelled BEOSAXTO UTSOF.
  5374 | D:6      | 5374 ||| READING 2 scrolls of identify.
  5374 | D:6      | 5374 ||| IDENTIFYING sedimented white potion
  5375 | D:6      | 5375 ||| DROPPING potion of invisibility.
  5434 | D:7      | Found a shimmering blue altar of Sif Muna.
  5495 | D:7      | Identified the +7 dagger of Sharing Dismemberment {freeze,
                  | rC+ Int+2}
  5521 | D:7      | 5521 ||| Stepping ~*~*~tactically~*~*~ (hiding).
  5533 | D:7      | Noticed Menkaure
  5534 | D:7      | 5534 ||| Stepping ~*~*~tactically~*~*~ (stealth).
  5540 | D:7      | Killed Menkaure
  5541 | D:7      | 5541 ||| FLEEEEING.
  5542 | D:7      | 5542 ||| FLEEEEING.
  5543 | D:7      | 5543 ||| FLEEEEING.
  5544 | D:7      | 5544 ||| FLEEEEING.
  5545 | D:7      | 5545 ||| FLEEEEING.
  5546 | D:7      | 5546 ||| FLEEEEING.
  5547 | D:7      | 5547 ||| FLEEEEING.
  5548 | D:7      | 5548 ||| FLEEEEING.
  5549 | D:7      | 5549 ||| STAIRDANCE
  5585 | D:7      | 5585 ||| READING scroll of enchant armour.
  5585 | D:7      | 5585 ||| ENCHANTING +0 cloak.
  5624 | D:7      | Reached skill level 10 in Unarmed Combat
  5685 | D:7      | Noticed an ice statue
  5686 | D:7      | 5686 ||| INVOKING Fiery Armour.
  6058 | D:7      | 6058 ||| INVOKING Fiery Armour.
  6059 | D:7      | 6059 ||| READING scroll labelled CIENNI BAKHLEFI.
  6059 | D:7      | HP: 8/78 [ice statue] (23)]
  6060 | D:7      | 6060 ||| READING 2 scrolls of teleportation.
  6060 | D:7      | Engulfed by an ice statue's freezing vapour

Levels and vault maps discovered:
D:1:      dpeg_arrival_pits, layout_rooms,
          hellmonk_ecumenical_altar_leap_of_faith
D:2:      layout_basic, grunt_ministairs_10
D:3:      layout_loops_corners, mainiacjoe_overflow_tiny_flanked,
          nicolae_wu_jian_glorious_leap
D:4:      layout_loops_corners, grunt_qazlal_clouds,
          minmay_temple_entry_stoned_glass, gammafunk_ghost_cemetery
D:5:      layout_loops_ring, kennysheep_generic_room_8, uniq_crazy_yiuf_cottage
D:6:      layout_basic
D:7:      lemuel_ice_statue, layout_rooms, mainiacjoe_overflow_alcove_4,
          roderic_roman_lattice, amethyst_killhole, uniq_menkaure

Skill      XL: |  1  2  3  4  5  6  7  8 |
---------------+-------------------------+-----
Unarmed Combat | 4 5 6 8 9 10 | 10.1
Fighting       | 3 4 |  4.0
Throwing       | 1 |  1.9
Dodging        | 1 |  1.2
Spellcasting   | |  1.0
Fire Magic     | |  2.1

Action                   |  1- 3 |  4- 6 |  7- 9 || total
-------------------------+-------+-------+-------++-------
Melee: Unarmed           |   103 |   150 |    98 ||   351
       Punch             |     1 |     6 |     3 ||    10
Throw: Boomerang         |       |     1 |    37 ||    38
Invok: Fiery Armour      |       |     2 |     2 ||     4
  Use: Scroll            |     5 |     5 |     6 ||    16
       Potion            |       |     3 |       ||     3
Armor: Robe              |    37 |    34 |    23 ||    94
Dodge: Dodged            |    36 |    54 |    33 ||   123

Table legend:
 A = Non-vault XP
 B = Vault XP
 C = Vault XP percentage of total XP
 D = Non-vault monster count
 E = Vault monster count
 F = Vault count percentage of total count
                 A         B        C        D         E       F
            +---------+---------+-------+---------+---------+-------
      Total |    2028 |     207 |   9.3 |     118 |       3 |   2.5
            +---------+---------+-------+---------+---------+-------
        D:1 |      17 |       0 |   0.0 |       8 |       0 |   0.0
        D:2 |      92 |       2 |   2.1 |      33 |       1 |   2.9
        D:3 |      81 |       0 |   0.0 |      17 |       0 |   0.0
        D:4 |     395 |       0 |   0.0 |      26 |       0 |   0.0
        D:5 |     350 |      40 |  10.3 |       9 |       1 |  10.0
        D:6 |     470 |       0 |   0.0 |      13 |       0 |   0.0
        D:7 |     623 |     165 |  20.9 |      12 |       1 |   7.7
            +---------+---------+-------+---------+---------+-------
